cohdb
Replays
Latest Replays
All Replays
Popular Replays
Top Player Replays
Match Explorer
How It Works
Community
CoH3 Stats
Reddit
Sign in to upload your games and track your stats! →
Sign in with Steam
Match 25048344
Unlisted
Match 25048344
Overview
Messages
Build Orders
End
Kradschützen Motorcycle Team
Panzergrenadier Squad
Construct Light Support Kompanie
Kradschützen Motorcycle Team
Construct Mechanized Kompanie
Selects Armored Support Battlegroup
254 Reconnaissance Tractor
Veteran Squad Leaders
Assault Mechanized Group
Vehicle Survival Package
Fire Support Elements
Selects Salvage Kits
Assault Grenadier Squad
Flakvierling Half-track
2.5-tonne Medical Truck
Selects Panzer Storm
Construct Panzerarmee Kommand
Armored Reserves
Selects Stuka Dive Bomb
Stuka Dive Bomb
Tiger Heavy Tank
Selects Veteran Gunners
Panzer Storm
Emergency Repair Kits
Rapid Advance
Stuka Dive Bomb
Selects Flammpanzer III Medium Tank Sd.Kfz. 141
Tungsten Core Ammunition
Stuka Dive Bomb
Walking Stuka Rocket Launcher
Marder III Tank Destroyer
Stuka Dive Bomb
Selects Battlefield Salvage
Jackie Lee
心若一动
假山
国外网不好
TidaL
으아
Lucifer
Geatly
0
0
Comments
sign in to comment!
No comments posted yet!